 Dungeon Crawl Stone Soup version 0.19-a0-82-gd3566c2 (webtiles) character file.

27927 Lugonue the Carver (level 13, -4/122 HPs)
             Began as a Minotaur Berserker on May 13, 2016.
             Was a High Priest of Trog.
             Slain by a salamander (15 damage)
             ... on level 1 of the Snake Pit on May 14, 2016.
             The game lasted 01:01:26 (10161 turns).

Lugonue the Carver (Minotaur Berserker)            Turns: 10161, Time: 01:01:27

Health: -4/122     AC: 21    Str: 23    XL:     13   Next: 7%
Magic:  12/12      EV: 15    Int:  4    God:    Trog [*****.]
Gold:   263        SH:  0    Dex: 14    Spells: 0 memorised, 12 levels left

rFire  . . .     SeeInvis .     a - +4 scimitar (holy)
rCold  x . .     Gourm    .     y - +5 ring mail "Okhluong" {*Corrode +Inv rF- rN+++}
rNeg   + + +     Faith    .     (no shield)
rPois  .         Spirit   .     E - +2 hat
rElec  .         Dismiss  .     f - +2 cloak
rCorr  .         Reflect  .     m - +0 pair of gloves
SustAt .         Harm     +     J - +2 pair of boots {Stlth+}
MR     .....                    v - amulet of harm
Stlth  +++.......               K - ring of stealth
                                N - ring of fire

@: lethally poisoned (-4 -> -4), not resistant to hostile enchantments, fairly
stealthy
A: retaliatory headbutt, horns 2
a: Berserk, Trog's Hand, Brothers in Arms, Burn Spellbooks, Renounce Religion,
Evoke Invisibility


You were on level 1 of the Snake Pit.
You worshipped Trog.
Trog was extremely pleased with you.
You were very full.

You visited 4 branches of the dungeon, and saw 19 of its levels.
You also visited: Ossuary.

You collected 656 gold pieces.
You spent 393 gold pieces at shops.

Inventory:

Hand Weapons
 a - a +4 scimitar of holy wrath (weapon)
 b - a +4 longbow of flaming
 c - a +2 scimitar of holy wrath
 L - a +1 falchion of electrocution
Missiles
 M - 75 arrows
Armour
 f - a +2 cloak (worn)
 k - a +0 buckler
 m - a +0 pair of gloves (worn)
 t - a +1 chain mail of fire resistance
 w - a +0 large shield
 x - a +0 animal skin
 y - the +5 ring mail "Okhluong" (worn) {*Corrode +Inv rF- rN+++}
   (You found it on level 7 of the Dungeon)

   It makes you vulnerable to fire.
   It renders you almost immune to negative energy.
   It lets you turn invisible.
   It may corrode you when you take damage.
 E - a +2 hat (worn)
 J - a +2 pair of boots of stealth (worn)
Jewellery
 i - an uncursed ring of resist corrosion
 r - an uncursed ring of protection from cold
 v - an amulet of harm (around neck)
 B - an uncursed ring of fire
 K - a ring of stealth (right hand)
 N - a ring of fire (left hand)
Wands
 p - a wand of enslavement (6/24)
 u - a wand of acid (7/15)
 D - a wand of acid (9/15)
 F - a wand of polymorph (10/24)
 G - a wand of confusion (26/48)
 H - a wand of lightning (5/15)
 S - a wand of lightning (6/15)
Scrolls
 e - 3 scrolls of teleportation
 n - a scroll of recharging
 q - 9 scrolls of remove curse
 C - 2 scrolls of random uselessness
 O - 2 scrolls of blinking
 W - a scroll of fog
Potions
 d - 3 potions of curing
 h - a potion of resistance
 j - a potion of lignification
 l - 2 potions of might
 o - a potion of flight
 s - a potion of invisibility
 z - a potion of heal wounds
 A - a potion of agility
Comestibles
 g - 2 meat rations
 R - 7 fruits


   Skills:
 - Level 13.0 Fighting
 - Level 14.8 Long Blades
 + Level 11.8 Bows
 + Level 7.7 Armour
 + Level 7.7 Dodging
 - Level 5.6 Shields


You had 12 spell levels left.
You didn't know any spells.

Dungeon Overview and Level Annotations

Branches:
Dungeon (10/15)              Lair (6/8) D:8          Shoals (1/4) Lair:4
  Snake (2/4) Lair:6
 Temple: D:4-7        Slime: Lair:6-8       Orc: D:9-12

Altars:
Dithmenos
Gozag
Kikubaaqudgha
Nemelex Xobeh
Okawaru
Pakellas
Ru
Sif Muna
Vehumet
Xom
Yredelemnul
Zin
The Shining One

Shops:
D:6 %(*   D:9 :[!


Innate Abilities, Weirdness & Mutations

You reflexively headbutt those who attack you in melee.
You have a pair of horns on your head.


Message History

Okay, then.
Put on which piece of jewellery? (? for menu, Esc to quit)
You're wearing all the rings you can.
Remove which one? (? for menu, Esc to cancel) < or
i - a ring of resist corrosion; > or
K - a ring of stealth You remove your ring of resist corrosion.
You feel more attuned to fire.
N - a ring of fire (left hand)
The salamander hits you but does no damage.
You slash the salamander! You headbutt the salamander!
The salamander is severely wounded.
You hit the salamander.
The salamander is severely wounded.
You feel sick. The salamander misses you.
You barely miss the salamander.
The salamander is severely wounded.
The salamander hits you.
* * * LOW HITPOINT WARNING * * *
You are engulfed in flames!
You die...

########################
.......@(..............#
......N).(..............
...().(..#..............
####.(##########)#####.
#.. #..# #..# #..# #>.#
#..#
######..#########..###
#.....#..............##


You could see a salamander.

Vanquished Creatures
  Snorg (D:10)
  3 hydras
  A shock serpent (Snake:1)
  2 naga sharpshooters (Snake:1)
  A naga ritualist (Snake:1)
  2 salamanders (Snake:1)
  A centaur zombie (D:10)
  Maurice (D:8)
  Joseph (D:9)
  A cyclops (D:10)
  A siren (Lair:4)
  8 black mambas
  2 naga magi (Snake:1)
  8 spiny frogs
  A rime drake (Lair:4)
  4 komodo dragons
  2 merfolk (Shoals:1)
  A troll (D:10)
  Sigmund (D:2)
  27 yaks
  2 wyverns
  6 hippogriffs
  A hungry ghost (D:7)
  9 nagas
  3 water moccasins
  12 porcupines
  4 orc warriors
  2 ice beasts
  2 sky beasts
  3 ogres
  4 wolves (Lair:4)
  3 centaurs
  A big kobold (D:9)
  5 crocodiles
  16 giant frogs
  3 scorpions
  A wyvern skeleton (D:9)
  4 killer bees (D:9)
  2 howler monkeys
  5 electric eels (Lair:4)
  A crimson imp (D:7)
  2 giant frog zombies
  A quasit (D:6)
  4 hounds
  6 orc priests
  2 jellies
  9 orc wizards
  A centaur skeleton (D:7)
  2 giant frog skeletons (D:9)
  2 worker ants
  11 iguanas
  3 big kobold zombies (Ossuary)
  A hound zombie (D:8)
  A mummy (Ossuary)
  A worker ant zombie (D:6)
  2 howler monkey skeletons (D:4)
  4 adders
  13 river rats (Lair:1)
  2 shadow imps
  2 oozes
  3 adder skeletons
  3 worms (D:2)
  2 dart slugs (D:1)
  3 giant geckos
  20 orcs
  5 bats
  3 giant cockroaches (D:2)
  6 gnoll zombies (Ossuary)
  3 goblins (D:1)
  8 hobgoblins
  2 jackals (D:1)
  14 kobolds
  2 quokkas
  2 ball pythons
  3 bat simulacra (Ossuary)
  7 giant newts
  A goblin simulacrum (Ossuary)
  3 goblin zombies (Ossuary)
  7 hobgoblin zombies (Ossuary)
  4 kobold simulacra (Ossuary)
  4 kobold zombies (Ossuary)
  4 orc zombies (Ossuary)
  12 rats
  5 rat simulacra (Ossuary)
353 creatures vanquished.

Vanquished Creatures (others)
  A fungus (Lair:3)
1 creature vanquished.

Grand Total: 354 creatures vanquished

Notes
Turn   | Place    | Note
--------------------------------------------------------------
     0 | D:1      | Lugonue the Minotaur Berserker began the quest for the Orb.
     0 | D:1      | Reached XP level 1. HP: 19/19 MP: 0/0
     3 | D:1      | Noticed a minotaur skeleton
     3 | D:1      | Noticed a felid
    10 | D:1      | Noticed an ogre
   135 | D:1      | Reached skill level 4 in Long Blades
   135 | D:1      | Reached XP level 2. HP: 27/27 MP: 1/1
   601 | D:1      | Reached ** piety under Trog
   601 | D:1      | Reached XP level 3. HP: 33/33 MP: 2/2
   859 | D:2      | Found a shimmering altar of Xom.
   917 | D:2      | Found an oddly glowing altar of Pakellas.
   924 | D:2      | Reached XP level 4. HP: 37/41 MP: 3/3
  1008 | D:2      | Noticed Sigmund
  1019 | D:2      | Killed Sigmund
  1019 | D:2      | Reached skill level 5 in Fighting
  1019 | D:2      | Reached skill level 5 in Long Blades
  1019 | D:2      | Reached skill level 1 in Shields
  1019 | D:2      | Reached XP level 5. HP: 48/48 MP: 4/4
  1434 | D:3      | Reached *** piety under Trog
  1650 | D:4      | Found a radiant altar of Vehumet.
  1707 | D:4      | Reached XP level 6. HP: 55/56 MP: 5/5
  1708 | D:4      | Found an oddly glowing altar of Pakellas.
  1769 | D:4      | Found a glowing silver altar of Zin.
  1800 | D:4      | Found a sacrificial altar of Ru.
  2103 | D:4      | Found a sparkling altar of Nemelex Xobeh.
  2240 | D:5      | Entered Level 5 of the Dungeon
  2253 | D:5      | Reached skill level 6 in Long Blades
  2263 | D:5      | Noticed an orc warrior
  2281 | D:5      | Killed an orc warrior
  2281 | D:5      | Reached XP level 7. HP: 62/62 MP: 6/6
  2452 | D:5      | Reached skill level 5 in Dodging
  2670 | D:6      | Found Ratan's Antique Weapon Shop.
  2680 | D:6      | Bought a runed falchion for 90 gold pieces
  2764 | D:6      | Reached XP level 8. HP: 28/70 MP: 7/7
  2884 | D:6      | Found Lowogh's Food Shop.
  3046 | D:6      | Bought a glowing scimitar for 120 gold pieces
  3137 | D:6      | Found Boonlure's Assorted Antiques.
  3260 | D:6      | Found an iron altar of Okawaru.
  3468 | D:7      | Reached skill level 7 in Long Blades
  3479 | D:7      | Got a jewelled ring mail
  3495 | D:7      | Identified the +5 ring mail "Okhluong" {*Corrode +Inv rF- rN+++} (You found it on level 7 of the Dungeon)
  3560 | D:7      | Reached **** piety under Trog
  3645 | D:7      | Got a twisted ring mail
  3659 | D:7      | Identified the cursed +1 ring mail of the Bagpipe {+Fly} (You found it on level 7 of the Dungeon)
  3685 | D:7      | Found an opulent altar of Gozag.
  3685 | D:7      | Found a deep blue altar of Sif Muna.
  3826 | D:7      | Reached skill level 8 in Long Blades
  3926 | D:8      | Found a sand-covered staircase.
  3940 | Ossuary  | Entered an ossuary
  4034 | Ossuary  | Reached XP level 9. HP: 79/79 MP: 8/8
  4080 | Ossuary  | Reached skill level 5 in Armour
  4212 | D:8      | Found a staircase to the Lair.
  4245 | Lair:1   | Entered Level 1 of the Lair of Beasts
  4370 | Lair:1   | Noticed a spiny frog
  4379 | Lair:1   | Killed a spiny frog
  4379 | Lair:1   | Reached skill level 9 in Long Blades
  4520 | Lair:2   | Reached ***** piety under Trog
  4520 | Lair:2   | Reached skill level 10 in Long Blades
  4578 | Lair:3   | Noticed an eight-headed hydra
  4694 | Lair:3   | Found an ancient bone altar of Kikubaaqudgha.
  4712 | Lair:3   | Noticed a spiny frog
  4720 | Lair:3   | Killed a spiny frog
  4720 | Lair:3   | Reached XP level 10. HP: 90/91 MP: 9/9
  4734 | Lair:4   | Noticed a black mamba
  4738 | Lair:4   | Killed a black mamba
  4760 | Lair:4   | Reached skill level 11 in Long Blades
  4770 | Lair:4   | Noticed a seven-headed hydra
  4929 | D:6      | Bought a runed scimitar for 84 gold pieces
  5246 | D:8      | Noticed Maurice
  5289 | D:8      | Killed Maurice
  5289 | D:8      | Reached skill level 10 in Fighting
  5520 | D:8      | Found a glowing golden altar of the Shining One.
  5524 | D:8      | Found a basalt altar of Yredelemnul.
  5526 | D:8      | Noticed a profane servitor
  5532 | D:8      | Noticed an angel
  5584 | D:9      | Found a shadowy altar of Dithmenos.
  5614 | D:9      | Noticed Joseph
  5633 | D:9      | Killed Joseph
  5673 | D:9      | Reached skill level 12 in Long Blades
  5825 | D:9      | Found Goyrotej's Distillery.
  5921 | D:9      | Found Kecsim's Book Emporium.
  5967 | D:9      | Found Kys Vuud's Antique Armour Shop.
  5975 | D:9      | Bought a pair of embroidered boots for 99 gold pieces
  6104 | D:10     | Entered Level 10 of the Dungeon
  6110 | D:10     | Reached XP level 11. HP: 93/102 MP: 10/10
  6119 | D:10     | Noticed Snorg
  6139 | D:10     | Killed Snorg
  6145 | D:10     | Reached skill level 13 in Long Blades
  6147 | D:10     | Reached skill level 5 in Shields
  6151 | D:10     | Received a gift from Trog
  6768 | Lair:3   | Reached skill level 14 in Long Blades
  6879 | Lair:4   | Reached skill level 1 in Bows
  7092 | Lair:4   | Found a staircase to the Shoals.
  7100 | Shoals:1 | Entered Level 1 of the Shoals
  7165 | Shoals:1 | Upgraded the game from 0.19-a0-78-g674c7a4 to 0.19-a0-82-gd3566c2
  7330 | Lair:3   | Killed an eight-headed hydra
  7330 | Lair:3   | Reached XP level 12. HP: 62/115 MP: 11/11
  7873 | Lair:4   | Reached skill level 5 in Bows
  7877 | Lair:4   | Killed a seven-headed hydra
  7991 | Lair:4   | Received a gift from Trog
  8511 | Lair:5   | Gained mutation: You have sharp toenails. [potion of mutation]
  8511 | Lair:5   | Gained mutation: You are occasionally teleported next to monsters. [potion of mutation]
  8511 | Lair:5   | Gained mutation: You are weak. (Str -2) [potion of mutation]
  8539 | Lair:5   | Lost mutation: You are weak. (Str -2) [potion of cure mutation]
  8539 | Lair:5   | Lost mutation: You have sharp toenails. [potion of cure mutation]
  8539 | Lair:5   | Lost mutation: You are occasionally teleported next to monsters. [potion of cure mutation]
  8645 | Lair:5   | Noticed a four-headed hydra
  8656 | Lair:5   | Killed a four-headed hydra
  9028 | Lair:5   | Reached ****** piety under Trog
  9098 | Lair:5   | Received a gift from Trog
  9591 | Lair:6   | Found a staircase to the Snake Pit.
  9634 | Snake:1  | Entered Level 1 of the Snake Pit
  9636 | Snake:1  | Reached skill level 10 in Bows
  9791 | Snake:1  | Reached XP level 13. HP: 34/122 MP: 12/12
 10161 | Snake:1  | Slain by a salamander

Vault maps used:
D:1:      shiori_arrival_whats_in_store_for_you
D:2:      lemuel_crystal_altar, xom_teletrap_fun, uniq_sigmund
D:4:      lemuel_round_altar, marbit_many_paths, zin_scriptorium,
          old_standard_altar, minmay_temple_entry_poolview, serial_shops,
          kennysheep_little_box, grunt_pakellas_basics
D:5:      first_bread
D:6:      okawaru_metal_pillars_1_2, serial_shops, shop,
          nicolae_shop_overgrown_old_shop, shop_fountains,
          minmay_misc_feat_roman
D:7:      gammafunk_temple_overflow_wave
D:8:      grunt_temple_overflow_holy_war, dpeg_lair_monsters,
          nicolae_ossuary_entry_ruins, blue_anna_alchemist, uniq_maurice
D:9:      serial_shops, shop, nicolae_shop_overgrown_old_shop, shop,
          grunt_dithmenos_smoke_and_mirrors, uniq_joseph
D:10:     uniq_snorg
Lair:1:   st_stairs_9, beast_lair_carwin_5
Lair:2:   lemuel_reptile_caves
Lair:3:   basic_altar, nicolae_lair_grove_arrangements, grunt_megastairs_1
Lair:4:   minmay_shoals_entry_lonely_mermaid, serial_bayou,
          serial_bayou_crossing, serial_bayou_pond_e, serial_bayou_lake_a,
          lemuel_fruit_tree
Lair:6:   guppyfry_snake_entry_island, st_stairs_12, nicolae_lair_yak_garden
Shoals:1: overgrown_hall
Ossuary:  ossuary_zaba_two_paths

Skill      XL: |  1  2  3  4  5  6  7  8  9 10 11 12 |
---------------+-------------------------------------+-----
Fighting       | 4 5 6 7 9 11 13 | 13.0
Long Blades    | 4 5 6 8 10 12 14 | 14.8
Dodging        | 3 4 6 7 |  7.7
Shields        | 1 2 3 4 5 |  5.6
Armour         | 4 7 |  7.7
Bows           | 2 11 | 11.8

Action                   |  1- 3 |  4- 6 |  7- 9 | 10-12 | 13-15 || total
-------------------------+-------+-------+-------+-------+-------++-------
Melee: Falchion          |    72 |    97 |   227 |    11 |       ||   407
       Headbutt          |    15 |    19 |    57 |    86 |     2 ||   179
       Scimitar          |       |       |    97 |   380 |     9 ||   486
 Fire: Longbow           |       |       |       |   105 |     7 ||   112
Invok: Berserk           |     1 |     2 |     3 |     4 |       ||    10
       Trog's Hand       |       |     1 |     3 |     2 |     1 ||     7
       Burn Spellbooks   |       |     1 |       |     2 |       ||     3
  Use: Scroll            |       |     7 |    14 |    15 |       ||    36
       Potion            |       |       |       |     5 |       ||     5
 Stab: Sleeping          |     2 |     2 |     1 |     5 |       ||    10
  Eat: Chunk             |     1 |     1 |     4 |     4 |       ||    10
       Bread ration      |       |     1 |     1 |     1 |       ||     3
       Beef jerky        |       |     1 |     1 |       |       ||     2
       Meat ration       |       |       |     1 |     2 |       ||     3
       Royal jelly       |       |       |       |     1 |       ||     1
       Pizza             |       |       |       |     1 |       ||     1
       Fruit             |       |       |       |    10 |       ||    10
Armor: Animal skin       |    17 |    18 |    32 |       |       ||    67
       Ring mail         |       |       |    59 |   138 |     3 ||   200
Dodge: Dodged            |    42 |    63 |   171 |   225 |     5 ||   506
Block: Buckler           |       |    14 |    56 |    31 |       ||   101
